Map: Ley Lines

Players

Tebz - Winner!

  • Race: Terran Terran
  • League: Platinum
  • Spawn Location: 7:00

CoralViper

  • Race: Terran Terran
  • Spawn Location: 1:00

VOD

Have the link to the VOD?

Description

Amateur League Tournament Initiate Season 2 2025

Time

  • Played on: May 25, 2025, 12:34 p.m.
  • Length: 13:54
Show
View Real Time Build Order
Export as new Build Order

Tebz Terran - Winner!

Build Orders: Reaper Expand 

Get SALT Encoding   

  12  0:00  SCV  
  13  0:12  SCV  
  14  0:18  Supply Depot  
  14  0:25  SCV  
  15  0:39  SCV  
  15  0:41  Barracks  
  16  0:49  Refinery  
  16  0:52  SCV  
  17  1:04  SCV  
  18  1:18  SCV  
  19  1:30  Orbital Command  
  19  1:40  Command Center  
  19  1:43  Reaper  
  20  1:55  Supply Depot  
  20  1:59  SCV  
  21  2:12  Factory, SCV  
  22  2:16  Marine  
  23  2:24  SCV  
  24  2:32  Barracks  
  24  2:33  Refinery  
  24  2:36  SCV  
  25  2:38  Marine  
  26  2:52  SCV  
  26  2:53  Orbital Command  
  27  2:58  Factory Tech Lab  
  27  3:02  Barracks Reactor  
  27  3:05  SCV  
  28  3:16  Starport  
  28  3:17  SCV  
  29  3:21  Barracks Tech Lab  
  29  3:32  SCV x2  
  31  3:39  Marine  
  31  3:40  Marine  
  31  3:41  Marine  
  34  3:44  SCV  
  34  3:48  SCV  
  36  3:51  Siege Tank  
  36  3:54  Starport Reactor  
  39  3:56  SCV  
  40  4:03  Supply Depot  
  40  4:06  SCV  
  40  4:07  Marine  
  40  4:08  Marine x2  
  40  4:09  Command Center  
  44  4:11  SCV  
  44  4:13  Stimpack  
  45  4:18  SCV  
  45  4:19  Refinery  
  46  4:24  SCV  
  46  4:25  Marine  
  44  4:43  Siege Tank  
  44  4:44  SCV x2  
  49  4:52  Marine  
  49  4:53  Marine x2  
  49  4:54  Medivac  
  54  5:02  Supply Depot  
  54  5:15  Supply Depot x2  
  54  5:20  Marine x3, SCV x2  
  59  5:23  Orbital Command  
  59  5:25  Engineering Bay  
  59  5:28  Engineering Bay  
  59  5:32  SCV  
  60  5:38  Barracks, SCV, Marine x2  
  60  5:39  Medivac  
  65  5:44  SCV  
  65  5:45  Orbital Command  
  66  5:50  SCV  
  66  5:56  SCV  
  68  5:59  Supply Depot  
  68  6:02  SCV, Refinery  
  69  6:08  SCV  
  70  6:14  SCV  
  71  6:21  SCV  
  71  6:24  SCV  
  73  6:25  Marine  
  73  6:26  Marine x2, SCV  
  77  6:34  Barracks Reactor  
  77  6:41  SCV x3  
  77  6:43  Siege Tank, Marine x2  
  77  6:44  Marine  
  86  6:52  Combat Shield  
  86  6:53  SCV  
  87  6:59  Barracks, Terran Infantry Armor Level 1, Terran Infantry Weapons Level 1  
  87  7:01  Barracks, Marine x3  
  87  7:06  Armory  
  84  7:19  Marine x3  
  83  7:26  SCV x2  
  83  7:27  Marine x2  
  83  7:29  Siege Tank  
  88  7:37  Marine x3  
  88  7:42  SCV x3  
  86  7:45  Marine x2  
  86  7:48  Barracks Reactor x2  
  87  7:54  SCV x2, Marine  
  87  7:55  Marauder, SCV, Marine  
  87  7:57  Terran Vehicle Weapons Level 1  
  94  7:59  Medivac x2  
  94  8:01  Barracks  
  94  8:02  Barracks, Marine  
  94  8:03  Marine  
  100  8:06  Supply Depot x2  
  100  8:07  Supply Depot  
  100  8:10  Refinery  
  100  8:12  Marine, Refinery  
  100  8:19  Supply Depot  
  101  8:24  Concussive Shells  
  101  8:27  Marine x3  
  101  8:28  Marauder  
  101  8:30  Marine  
  96  8:42  Marine x2  
  96  8:43  Marine x2  
  96  8:44  Viking, Medivac  
  96  8:45  Marine x3  
  96  8:48  Marine  
  107  8:49  Marauder  
  107  8:55  Supply Depot  
  110  8:56  SCV x3  
  110  8:57  Supply Depot  
  110  8:58  Supply Depot x2  
  110  9:00  Marine x4  
  117  9:03  Marine  
  118  9:10  Barracks Reactor, Barracks Tech Lab  
  118  9:12  Marine x3, Marauder  
  118  9:13  Thor  
  129  9:18  Command Center, Marine  
  130  9:28  Marine  
  130  9:29  Marine x4, Marauder  
  130  9:30  Marine x2  
  139  9:31  Viking  
  139  9:33  Marauder  
  139  9:36  Marine  
  144  9:46  Marine x2  
  144  9:47  Marine x3  
  144  9:48  Marine x2  
  144  9:50  Marauder  
  153  9:55  Marauder  
  155  10:05  Marine  
  155  10:06  Viking x2  
  160  10:11  Marauder  
  162  10:16  Marauder  
  162  10:19  Factory  
  157  10:27  Starport  
  144  10:33  Marauder  
  128  10:36  Liberator x2  
  124  10:47  Terran Infantry Weapons Level 2, Terran Infantry Armor Level 2  
  124  10:48  Terran Vehicle Weapons Level 2  
  124  10:49  Marine x5  
  127  10:50  Marine x3  
  124  11:37  Marauder, Marine  
  124  11:38  Marauder, Marine x6  
  124  11:39  Marine x3  
  118  11:55  Marine  
  118  11:56  Marine x2  
  118  11:57  Marine x7  
  118  11:59  Marauder x2  
  130  12:11  SCV  
  130  12:12  SCV x2  
  130  12:13  Marine x3  
  130  12:14  Marine  
  130  12:15  Marine x6  
  138  12:20  Marauder x2  
  147  12:27  Barracks, Starport Tech Lab  
  147  12:28  Barracks x2  
  147  12:31  Marine x3  
  147  12:32  Barracks, Marine  
  147  12:33  Marine x4  
  155  12:39  Marine x2  
  155  12:42  Marauder x2  
  161  12:44  Command Center  
  161  12:48  Supply Depot  
  161  12:49  Supply Depot, Marine x3  
  164  12:51  Supply Depot, Planetary Fortress  
  164  12:57  Fusion Core  
  164  12:58  Marine  
  164  12:59  Marine x6  
  164  13:01  Factory Tech Lab  
  164  13:03  Marauder x2  
  164  13:04  Liberator  
  178  13:07  Marine x2  
  178  13:09  Marine  
  181  13:16  Marine  
  163  13:36  Barracks Reactor, Barracks Tech Lab  
  163  13:37  Barracks Reactor x2  
Show
View Real Time Build Order
Export as new Build Order

CoralViper Terran 

Build Orders:  

Get SALT Encoding   

  12  0:03  SCV  
  13  0:17  SCV  
  13  0:18  Supply Depot  
  14  0:32  SCV  
  15  0:41  Barracks  
  15  0:44  SCV  
  16  0:55  Barracks  
  16  0:56  SCV  
  17  1:05  Refinery  
  17  1:08  SCV  
  18  1:20  SCV  
  20  1:32  SCV  
  20  1:46  Command Center, Marine  
  21  1:51  Reaper  
  22  1:59  SCV  
  23  2:11  Refinery  
  23  2:18  Supply Depot  
  23  2:30  Factory  
  23  2:39  Marine x2, SCV  
  26  2:52  SCV  
  27  3:00  Marine x2  
  27  3:01  SCV  
  27  3:04  SCV  
  27  3:05  Bunker  
  31  3:13  SCV  
  31  3:16  SCV  
  31  3:19  Hellion  
  35  3:25  SCV  
  36  3:29  Engineering Bay, SCV  
  37  3:35  Barracks Tech Lab x2  
  37  3:37  Barracks Reactor  
  37  4:07  Missile Turret  
  37  4:08  SCV x2  
  39  4:12  Marine  
  39  4:13  Marine  
  39  4:16  Siege Tank  
  44  4:20  SCV x2  
  46  4:32  SCV x2  
  42  4:44  SCV, Marine  
  44  4:46  Barracks Tech Lab, Marine  
  44  4:52  Barracks  
  45  4:54  Barracks, Supply Depot  
  45  5:08  Sensor Tower  
  45  5:12  Marine  
  46  5:15  Stimpack  
  46  5:16  Siege Tank, Marine x2  
  51  5:23  Starport  
  51  5:25  Refinery  
  51  5:27  SCV x2  
  51  5:28  Refinery  
  53  5:30  Marine  
  53  5:34  Sensor Tower  
  54  5:47  Supply Depot  
  54  5:49  Orbital Command  
  54  6:03  Barracks Reactor  
  54  6:08  Marine x3  
  54  6:09  SCV  
  54  6:11  Barracks Reactor  
  58  6:12  Supply Depot  
  58  6:15  Starport Reactor, Starport  
  58  6:16  SCV  
  59  6:21  SCV  
  60  6:26  Marine x2  
  60  6:30  Terran Infantry Weapons Level 1  
  62  6:33  Supply Depot  
  62  6:34  Siege Tank, Marine  
  66  6:40  SCV  
  66  6:41  SCV  
  68  6:51  Marine  
  68  6:53  SCV  
  70  6:55  Marine x6  
  70  7:00  Supply Depot  
  76  7:02  Starport Tech Lab  
  76  7:09  Engineering Bay, Marine  
  76  7:12  Marine  
  76  7:22  Siege Tank  
  71  7:54  SCV  
  71  7:55  SCV  
  73  7:59  Siege Tank  
  73  8:00  Marine  
  73  8:01  Marine x6  
  83  8:07  SCV  
  83  8:08  SCV  
  85  8:19  SCV  
  86  8:24  SCV  
  77  8:31  Siege Tank  
  66  8:42  Marine  
  66  8:43  Marine x5  
  66  8:47  Liberator x2  
  66  8:48  Liberator  
  81  8:50  Marine  
  82  9:00  Marine x2  
  82  9:01  Marine x2  
  86  9:08  Command Center  
  86  9:13  Supply Depot  
  86  9:16  Supply Depot  
  86  9:32  Terran Infantry Armor Level 1  
  86  9:35  Liberator x2, SCV  
  86  9:36  Supply Depot  
  86  9:38  Supply Depot  
  94  9:43  Orbital Command  
  93  9:47  SCV  
  93  9:55  Siege Tank  
  93  9:59  SCV  
  96  10:05  Marine  
  96  10:06  Marine x6  
  101  10:23  Marine x3  
  67  10:41  Marine  
  67  10:42  Marine x6  
  68  10:44  Siege Tank  
  71  10:59  SCV x2, Marine x2  
  71  11:00  Marine  
  76  11:04  Barracks  
  76  11:06  Barracks, Marine x4  
  76  11:07  Supply Depot  
  76  11:08  Supply Depot x2  
  80  11:16  Siege Tank  
  80  11:17  Marine x3  
  82  11:26  Starport x2  
  56  11:48  Siege Tank  
  56  11:56  Marine x6  
  56  11:57  Marine  
  56  11:58  SCV x2  
  63  12:10  SCV x2  
  63  12:13  Marine  
  63  12:14  Marine  
  67  12:16  Liberator  
  67  12:18  Marine x2  
  67  12:22  SCV x2  
  74  12:25  Sensor Tower  
  74  12:33  Marine x4  
  74  12:34  SCV x2  
  80  12:39  Marine x2  
  81  12:52  Armory  
  81  12:58  Marine x4  
  81  12:59  Marine x3  
  88  13:14  Siege Tank  
  88  13:16  Marine x2  
  67  13:35  Marine x3  
  67  13:36  Marine x4  
  71  13:49  Fusion Core  
Tags
 
League
Platinum
Matchup
TvT
Race
Terran
Spawn Locations
Cross Positions
Add a new tag
Caveats
  • Supply blocks, unpowered buildings, or Contaminate may cause inaccurate times.
  • Supply counts are checked every 10 seconds.